 Dungeon Crawl Stone Soup version 0.31-a0-1620-gcbf77bbcfc (webtiles) character file.

Game seed: 12412526065598704778

371294 Flugslaktarn the Slayer (level 21, -1/212 HPs)
             Began as a Minotaur Fighter on Jan 11, 2024.
             Was an Elder of Cheibriados.
             Killed from afar by a red draconian (5 damage)
             ... with a searing blast
             ... on level 5 of the Realm of Zot.
             The game lasted 00:26:12 (37608 turns).

Flugslaktarn the Slayer (Minotaur Fighter)         Turns: 37608, Time: 00:26:13

Health: -1/212     AC: 26    Str: 34      XL:     21   Next: 15%
Magic:  6/26       EV: 29    Int: 13 (14) God:    Cheibriados [****..]
Gold:   3931       SH: 22    Dex: 26      Spells: 20/20 levels left

rFire   + + +        a - +5 war axe (drain)
rCold   + + .        I - +2 shield of Resistance {rF++ rC++ Will++}
rNeg    + + .        T - +0 storm dragon scales
rPois   +            (helmet unavailable)
rElec   +            L - +2 cloak "Neentox" {rN+}
rCorr   +            j - +2 pair of gloves
SInv    .            A - +1 pair of boots
Will    +++..        X - amulet of reflection Stlth
                     D - ring of Thoughtfulness {rPois rN+ rCorr Str-4 Dex+2}
HPRegen 0.55/turn    V - ring "Ungeucad" {rF+ EV+5 Dex+4 Slay+2}
MPRegen 0.20/turn

%: reflection
@: constricted, unable to drink, very slow
A: horns 3, retaliatory headbutt, deformed body, deterioration 2, low MP 1, weak
1, inability to drink after injury 2, inability to read after injury 1, noise
suppression
}: 3/15 runes: serpentine, barnacled, abyssal
a: Renounce Religion, Bend Time, Temporal Distortion, Slouch


You were on level 5 of the Realm of Zot.
You worshipped Cheibriados.
Cheibriados was greatly pleased with you.
You visited 8 branches of the dungeon, and saw 37 of its levels.
You visited the Abyss 5 times.
You also visited: Bailey.

You collected 4017 gold pieces.
You spent 86 gold pieces at shops.

Inventory:

Hand Weapons
 a - a +5 war axe of draining (weapon)
   (You took it off an orc priest on level 2 of the Orcish Mines)
 b - a +1 dagger of distortion
   (You took it off Sonja on level 11 of the Dungeon)
 K - a +0 broad axe
   (You took it off an orc warrior on level 2 of the Orcish Mines)
 W - a +2 antimagic broad axe
   (You took it off a spriggan berserker on level 2 of the Depths)
Missiles
 P - 3 throwing nets (quivered)
Armour
 j - a +2 pair of gloves (worn)
   (You bought it in a shop on level 5 of the Dungeon)
 A - a +1 pair of boots (worn)
   (You found it on level 5 of the Dungeon)
 F - a +1 plate armour of poison resistance
   (You found it on level 8 of the Dungeon)
 H - the +11 chain mail of the Armadillo {-Tele rElec rCorr}
   (You found it on level 9 of the Dungeon)

   rElec:     It insulates you from electricity.
   -Tele:     It prevents most forms of teleportation.
   rCorr:     It protects you from acid and corrosion.
 I - the +2 shield of Resistance (worn) {rF++ rC++ Will++}
   (You found it on level 9 of the Dungeon)

   rF++:      It greatly protects you from fire.
   rC++:      It greatly protects you from cold.
   Will++:    It greatly increases your willpower.
 L - the +2 cloak "Neentox" (worn) {rN+}
   (You acquired it on level 8 of the Dungeon)

   rN+:       It protects you from negative energy.
 S - a +2 hat
   (You took it off Gastronok on level 2 of the Lair of Beasts)
 T - +0 storm dragon scales (worn)
   (You found it on level 4 of the Depths)
Jewellery
 c - a ring of protection from cold
   (You found it on level 2 of the Depths)
 f - a ring of protection from fire
   (You found it on level 9 of the Dungeon)
 i - a ring of see invisible
   (You found it on level 1 of the Depths)
 k - a ring of protection from fire
   (You found it on level 11 of the Dungeon)
 l - an amulet of faith
   (You found it on level 2 of the Realm of Zot)
 m - a ring of willpower
   (You found it on level 2 of the Shoals)
 u - a ring of ice
   (You took it off Fannar on level 11 of the Dungeon)
 v - a +5 ring of evasion
   (You found it on level 15 of the Dungeon)
 D - the ring of Thoughtfulness (left hand) {rPois rN+ rCorr Str-4 Dex+2}
   (You took it off a deep elf pyromancer on level 8 of the Dungeon)

   [ring of resist corrosion]

   Str-4:     It affects your strength (-4).
   Dex+2:     It affects your dexterity (+2).
   rPois:     It protects you from poison rN+: It protects you from negative
   energy.
   rCorr:     It protects you from acid and corrosion.
 V - the ring "Ungeucad" (right hand) {rF+ EV+5 Dex+4 Slay+2}
   (You found it on level 3 of the Depths)

   [ring of evasion]

   EV+5:      It affects your evasion (+5).
   Dex+4:     It affects your dexterity (+4).
   Slay+2:    It affects your accuracy & damage with ranged weapons and melee
   (+2).
   rF+:       It protects you from fire.
 X - an amulet of reflection (around neck)
   (You found it on level 2 of the Lair of Beasts)
Wands
 e - a wand of roots (26)
   (You took it off a gnoll bouda on level 4 of the Dungeon)
 g - a wand of digging (22)
   (You found it on level 12 of the Dungeon)
 B - a wand of paralysis (22)
   (You found it on level 10 of the Dungeon)
 M - a wand of mindburst (38)
   (You found it on level 6 of the Dungeon)
 Q - a wand of acid (21)
   (You found it on level 12 of the Dungeon)
Scrolls
 o - 2 scrolls of silence
 r - 5 scrolls of identify
 t - a scroll of teleportation
 y - a scroll of immolation
 z - a scroll of blinking
 J - 4 scrolls of fog
 N - a scroll of revelation
 U - 2 scrolls of fear
 Y - 8 scrolls of vulnerability
 Z - a scroll of butterflies
Potions
 d - 7 potions of might
 h - 11 potions of haste
 n - a potion of resistance
 p - 4 potions of cancellation
 q - 9 potions of curing
 s - a potion of invisibility
 w - a potion of heal wounds
 x - 3 potions of mutation
 G - 3 potions of enlightenment
 O - a potion of magic
 R - a potion of ambrosia
Miscellaneous
 C - a tin of tremorstones (2/2)
   (You found it on level 4 of the Shoals)
 E - a lightning rod (4/4)
   (You found it on level 8 of the Dungeon)


   Skills:
 + Level 23.5 Fighting
 - Level 18.0 Axes
 + Level 22.9 Armour
 + Level 20.5 Dodging
 - Level 12.0 Shields
 - Level 12.0 Invocations


You had 20 spell levels left.
You didn't know any spells.
Your spell library contained the following spells:

 Spells                   Type           Power      Damage    Failure   Level
 Foxfire                  Conj/Fire      0%         2x1d4     67%         1
 Kiss of Death            Conj/Necr      0%         2d5       67%         1
 Magic Dart               Conj           0%         1d3       67%         1
 Sandblast                Erth           0%         2d4       67%         1
 Shock                    Conj/Air       0%         1d3       67%         1
 Summon Small Mammal      Summ           0%         N/A       67%         1
 Cigotuvi's Dreadful Rot  Necr/Alch/Air  0%         N/A       82%         2
 Jinxbite                 Hex            0%         N/A       82%         2
 Lesser Beckoning         Tloc           0%         N/A       82%         2
 Scorch                   Fire           0%         2d5       82%         2
 Searing Ray              Conj           0%         2d4       82%         2
 Call Canine Familiar     Summ           0%         N/A       96%         3
 Confusing Touch          Hex            0%         N/A       96%         3
 Gell's Gravitas          Tloc           0%         N/A       96%         3
 Inner Flame              Hex/Fire       0%         N/A       96%         3
 Passwall                 Erth           0%         N/A       96%         3
 Stone Arrow              Conj/Erth      0%         3d7       96%         3
 Swiftness                Air            0%         N/A       96%         3
 Teleport Other           Tloc           0%         N/A       96%         3
 Airstrike                Air            0%         2d(0-16)  100%        4
 Anguish                  Hex/Necr       0%         N/A       100%        4
 Animate Armour           Summ/Erth      0%         N/A       100%        4
 Brom's Barrelling Bould  Conj/Erth      0%         2d3       100%        4
 Cause Fear               Hex            0%         N/A       100%        4
 Dispel Undead            Necr           0%         3d6       100%        4
 Flame Wave               Conj/Fire      0%         2d4       100%        4
 Fulminant Prism          Conj/Alch      0%         3d5       100%        4
 Martyr's Knell           Necr/Summ      0%         N/A       100%        4
 Sticky Flame             Fire/Alch      0%         2d4       100%        4
 Summon Blazeheart Golem  Fire/Summ      0%         N/A       100%        4
 Yara's Violent Unravell  Hex/Alch       0%         3d3       100%        5
 Death Channel            Necr           0%         N/A       100%        6
 Plasma Beam              Fire/Air       0%         2x1d10    100%        6
 Starburst                Conj/Fire      0%         6d3       100%        6
 Summon Cactus Giant      Summ           0%         N/A       100%        6
 Enfeeble                 Hex            0%         N/A       100%        7
 Lehudib's Crystal Spear  Conj/Erth      0%         10d2      100%        8


Dungeon Overview and Level Annotations

Branches:
Dungeon (15/15)            Temple (1/1) D:5            Lair (2/5) D:9
 Shoals (4/4) Lair:2        Snake (4/4) Lair:2          Orc (2/2) D:10
    Elf (0/3) Orc:2        Vaults (0/5) D:14         Depths (4/4) D:15
    Zot (5/5) Depths:4     Bailey (visited)

Altars:
Ashenzari
Cheibriados
Dithmenos
Elyvilon
Fedhas
Gozag
Hepliaklqana
Kikubaaqudgha
Makhleb
Nemelex Xobeh
Okawaru
Qazlal
Ru
Sif Muna
Trog
Uskayaw
Vehumet
Wu Jian
Xom
Yredelemnul
Zin
The Shining One
Lugonu

Shops:
D:5 [   Orc:2 *([=(   Snake:4 :   Depths:2 *

Portals:
Hell: Depths:1 Depths:2 Depths:3 Depths:4
Abyss: Depths:1
Pandemonium: Depths:2 Depths:3

Annotations:
D:3 2 runed translucent doors, Flugslaktarn's ghost, amateur MiFi
D:5 1 runed translucent door
D:9 1 runed translucent door
Snake:2 Roxanne
Depths:4 4 runed translucent doors
Zot:5 exclusion: 2 orange crystal statues


Innate Abilities, Weirdness & Mutations

You have a pair of large horns on your head.
You reflexively headbutt those who attack you in melee.
Armour fits poorly on your strangely shaped body.
Your body often deteriorates upon taking damage.
Your magical capacity is low. (-10% MP)
You are weak. (Str -2)
You sometimes lose the ability to drink potions when taking damage.
You occasionally lose the ability to read scrolls when taking damage.
You passively dampen the noise of your surroundings.


Message History

The Orb Guardian goes berserk!
The purple draconian misses you. You block the black draconian's attack.
The Killer Klown skips for a moment.
The Killer Klown blinks!
You are too injured to fight recklessly!
You are too injured to fight recklessly!
You are too injured to fight recklessly!
You slice the orb of fire!! Your headbutt misses the orb of fire.
The orb of fire is heavily damaged.
You hit the black draconian.
You kill the black draconian!
The black draconian's corpse dissolves into shadows!
You hit the purple draconian but do no damage.
You slash the orb of fire!
You are engulfed in blazing flames.
You resist.
You block the purple draconian's attack.
An Orb Guardian comes into view.
The Killer Klown blinks!
You miss the orb of fire.
The orb of fire is heavily damaged.
You completely miss the purple draconian.
You hit the orb of fire but do no damage.
You hit the black draconian but do no damage.
You drain the black draconian.
You are engulfed in blazing flames.
You resist.
You block the purple draconian's attack.
The orb of fire glows red.
The bolt of fire hits you. You resist.
The purple draconian shifter casts a spell.
The purple draconian shifter blinks!
You block the black draconian's attack.
An Orb Guardian comes into view.
You barely miss the orb of fire. You headbutt the orb of fire!!
The orb of fire is severely damaged.
You hit the tentacled monstrosity. You closely miss the orb of fire.
You slice the black draconian!!
The purple draconian shifter gestures at you while chanting.
The Orb Guardian blinks!
You hit the orb of fire but do no damage.
Your headbutt misses the orb of fire.
The orb of fire is heavily damaged.
You barely miss the black draconian. You completely miss the orb of fire.
You hit the tentacled monstrosity. You hit the Orb Guardian.
You block the black draconian's attack. The Orb Guardian completely misses you.
You slice the orb of fire!! Your headbutt misses the orb of fire.
The orb of fire is severely damaged.
You hit the tentacled monstrosity.
You hit the orb of fire but do no damage.
You slice the Orb Guardian!! You drain the Orb Guardian.
You slash the black draconian! You block the Orb Guardian's attack.
You block the black draconian's attack.
The tentacled monstrosity tentacle-slaps you but does no damage.
You block the tentacled monstrosity's attack.
The tentacled monstrosity tentacle-slaps you but does no damage.
The tentacled monstrosity completely misses you.
The Orb Guardian rages.
The orb of fire glows bright magenta.
The bolt of fire hits you! You resist.
* * * LOW HITPOINT WARNING * * *
You slice the orb of fire!!
The orb of fire is severely damaged.
You slash the tentacled monstrosity! You hit the Orb Guardian.
You closely miss the black draconian. You hit the orb of fire.
The Orb Guardian hits you!!
* * * LOW HITPOINT WARNING * * *
The black draconian hits you with a +2 heavy long sword!!
* * * LOW HITPOINT WARNING * * *
Your body deteriorates!
You feel dopey.
The purple draconian shifter casts a spell.
The purple draconian shifter blinks!
You block the tentacled monstrosity's attack. x3
The tentacled monstrosity grabs you.
The tentacled monstrosity constricts you.
You slash the orb of fire!
You headbutt the orb of fire, but do no damage.
The orb of fire is almost destroyed.
You slash the tentacled monstrosity! You miss the orb of fire.
You hit the Orb Guardian. You drain the Orb Guardian.
You hit the black draconian. You drain the black draconian.
You block the Orb Guardian's attack.
The moth of wrath angrily waves its antennae.
You hit the orb of fire but do no damage.
The orb of fire is almost destroyed.
You barely miss the tentacled monstrosity.
You miss the orb of fire.
You hit the Orb Guardian but do no damage.
You drain the Orb Guardian. You slash the black draconian!
You drain the black draconian.
The green draconian seems less drained.
The black draconian barely misses you. You furiously retaliate!
You headbutt the black draconian!! You block the Orb Guardian's attack.
The tentacled monstrosity misses you. You furiously retaliate!
You headbutt the tentacled monstrosity!
You block the tentacled monstrosity's attack.
The tentacled monstrosity misses you.
The tentacled monstrosity constricts you.
* * * LOW HITPOINT WARNING * * *
The purple draconian shifter casts a spell.
The purple draconian shifter blinks!
The purple draconian rages.
The red draconian breathes fire at you.
The searing blast misses the orb of fire.
The searing blast hits you. You resist.
You die...

,,,,,*,,,,,,,,,,.....q.p....▓▓
,,,,**,,,,,,,,,,.............▓▓
,,^***,^,,,,,,,,..)..d§.......▓
**** *,,,,,,,,,,^........p....▓
**,,,,,,,,,.......§....§▓*
***,,,,,,,...*......§.▓▓
****,,,,..y...^....▓▓
#▓▓▓▓▓▓▓▓▓▓▓##....8▓▓
**#.......X@XdXy.....§**
**,...##.).d**XX....^..§##
*****,,,*##..)).Xddq...^...^.##
,,,,,,,**#......p...^.........#
,,,,,,** #...).............?..#
,,,,,,* #.q..................#
,,,,,** #....................#
,,,,,* #§...................#
,,,,,** #.....^.............^#


You could see 2 orbs of fire, a Killer Klown (drained), a tentacled monstrosity
(summoned), a black draconian (summoned, berserk, drained), a green draconian
(summoned, slow), a purple draconian (summoned, berserk), a red draconian
(catching breath), 2 draconians, 5 Orb Guardians and a moth of wrath (summoned).

Vanquished Creatures
  8 orbs of fire (Zot:5)
  2 ancient liches
  Mennas (Depths:4)
  2 juggernauts
  Xtahua (Depths:4)
  Josephina (Depths:3)
  5 Killer Klowns (Zot:5)
  Saint Roka (Orc:2)
  2 golden dragons
  the Enchantress (Depths:1)
  A caustic shrike (Depths:3)
  2 bone dragons
  2 electric golems
  8 tentacled monstrosities
  4 liches
  2 titans
  15 Orb Guardians (Zot:5)
  2 quicksilver dragons
  2 sphinxes
  4 tentacled starspawn (Abyss:3)
  A kraken (Shoals:4)
  2 death cobs
  Gastronok (Lair:2)
  3 storm dragons
  Frances (Shoals:2)
  A tengu reaver (Depths:3)
  6 shadow dragons
  A draconian monk (Zot:1)
  6 nagarajas (Snake:4)
  4 draconian knights
  12 fire giants
  6 frost giants
  A draconian shifter (Abyss:3)
  2 ghost moths
  A draconian scorcher (Zot:5)
  A draconian annihilator (Depths:4)
  A cacodemon (Abyss:3)
  An ironbound preserver (D:14)
  5 spriggan defenders
  12 very ugly things
  5 green draconians
  10 stone giants
  A vampire knight (Depths:2)
  6 black draconians
  A war gargoyle (Abyss:3)
  3 red draconians
  A yellow draconian (Zot:1)
  6 purple draconians
  5 white draconians
  3 spark wasps (Depths:1)
  A green death (Abyss:3)
  7 ettins
  6 merfolk impalers (Shoals:4)
  2 merfolk javelineers (Shoals:4)
  11 fire dragons
  2 jiangshi (Depths:1)
  4 hydras
  Fannar (D:11)
  A great orb of eyes (Abyss:3)
  4 rakshasas
  7 ice dragons
  A merfolk avatar (Shoals:4)
  5 spriggan air magi
  An ogre mage (Orc:1)
  2 salamander tyrants (Snake:4)
  3 catoblepae
  6 centaur warriors
  4 boulder beetles
  4 two-headed ogres
  7 merfolk aquamancers
  3 anacondas (Snake:3)
  A satyr (Shoals:4)
  7 naga warriors
  5 deep troll shamans
  3 tengu warriors
  2 vampire magi
  2 deep troll earth magi
  3 hell hogs (Abyss:3)
  7 naga sharpshooters
  7 spriggan berserkers
  4 occultists
  An orc high priest (Orc:2)
  5 shock serpents
  10 thrashing horrors (Abyss:3)
  Amaemon (D:9)
  5 hell knights (Depths:4)
  4 wretched stars (Abyss:3)
  Sonja (D:11)
  4 skeletal warriors (D:12)
  2 iron trolls (Depths:3)
  4 salamander mystics
  A flayed ghost (Depths:3)
  A sixfirhy (Abyss:3)
  A skyshark (Shoals:2)
  3 mana vipers
  An orb spider (Abyss:3)
  6 sea snakes
  7 glowing orange brains
  4 deep trolls
  A spatial maelstrom (Abyss:3)
  A naga ritualist (Snake:4)
  Pikel (D:7)
  3 necromancers
  4 orc knights
  12 harpies
  2 sphinx simulacra (Depths:3)
  3 deep elf pyromancers
  4 fauns
  9 manticores
  2 orc sorcerers
  10 ugly things
  9 cyclopes
  A shining eye (shapeshifter) (Depths:1)
  8 large abominations (Abyss:3)
  4 moths of wrath
  14 salamanders
  Maurice (D:9)
  15 naga magi
  A guardian serpent (shapeshifter) (Abyss:3)
  15 black mambas
  4 kobold blastminers (Orc:2)
  A guardian serpent (Snake:1)
  3 meliai (D:15)
  8 merfolk sirens
  A water nymph (shapeshifter) (Depths:4)
  An elephant (D:9)
  2 orange demons
  2 unseen horrors
  A cane toad (shapeshifter) (D:14)
  6 water nymphs
  A titan simulacrum (Depths:3)
  A torpor snail (shapeshifter) (Depths:1)
  2 cane toads (Lair:1)
  4 smoke demons (Abyss:3)
  5 unseen horror zombies (D:9)
  3 efreet
  2 komodo dragons (Lair:1)
  2 kobold demonologists
  3 ancient zymes (Abyss:3)
  2 freezing wraiths
  4 tengu conjurers
  An ice devil (D:12)
  5 catoblepas skeletons (Abyss:3)
  17 merfolk
  A hellwing (D:12)
  A polar bear (Lair:1)
  8 trolls
  4 wind drakes (Shoals:4)
  5 snapping turtles
  16 raiju (Abyss:3)
  2 hornets
  5 blink frogs (Lair:1)
  6 dream sheep
  5 glass eyes
  A fire giant simulacrum (Depths:3)
  4 shadows
  A centaur simulacrum (D:15)
  2 vampires
  2 wraiths
  4 wyverns
  16 slime creatures
  4 spriggans
  37 yaks
  15 water elementals
  2 ynoxinuls (Abyss:3)
  3 basilisks
  A basilisk (shapeshifter) (D:13)
  4 redbacks (Depths:3)
  3 chaos spawn (Abyss:3)
  2 neqoxecs
  2 wargs (Orc:2)
  3 steam dragons
  32 nagas
  Duvessa (D:5)
  An acid dragon (D:8)
  A spatial vortex (Abyss:3)
  A water moccasin (D:6)
  3 ice beasts
  27 orc warriors
  A sky beast (D:7)
  A black bear (shapeshifter) (Abyss:3)
  2 black bears (D:9)
  A swamp drake (D:10)
  8 laughing skulls
  12 centaurs
  7 ogres
  11 starcursed masses (Abyss:3)
  A lemure (D:7)
  2 phantoms
  2 weeping skulls (Abyss:3)
  A gnoll sergeant (D:12)
  A kobold brigand (D:9)
  A brain worm (Abyss:3)
  4 bullfrogs
  4 scorpions
  6 earth elementals (Abyss:3)
  5 small abominations (Abyss:3)
  13 wights
  Dowan (D:5)
  14 killer bees
  9 howler monkeys
  4 centaur zombies
  2 lava snakes (Lair:2)
  A human zombie (D:9)
  3 quasits
  5 hounds
  7 jellies (D:11)
  17 orc priests
  2 centaur skeletons (D:9)
  2 gnoll boudas
  3 iguanas
  27 orc wizards
  6 hell rats (Lair:2)
  Robin (D:3)
  21 gnolls
  11 adders
  2 shadow imps
  6 white imps
  5 ufetubi
  5 ribbon worms
  A dart slug (D:5)
  106 orcs
  6 ball pythons
  5 bats
  26 endoplasms
  3 giant cockroaches
  17 goblins
  6 hobgoblins
  3 jackals (D:1)
  5 quokkas
  6 frilled lizards
  14 kobolds
  A kobold zombie (D:5)
  6 rats
  A lurking horror (Abyss:3)
  4 starspawn tentacles (Abyss:3)
1232 creatures vanquished.

Vanquished Creatures (others)
  An Orb Guardian (Zot:5)
  A boulder beetle (D:8)
  An occultist (Depths:2)
  A black mamba (Snake:4)
  A raiju (Abyss:3)
  A lurking horror (Abyss:3)
  10 starspawn tentacles (Abyss:3)
  4 tentacles (Shoals:4)
20 creatures vanquished.

Grand Total: 1252 creatures vanquished

Notes
Turn   | Place    | Note
-------+----------+-------------------------------------------
     0 | D:1      | Flugslaktarn the Minotaur Fighter began the quest for the
                  | Orb.
     0 | D:1      | Reached XP level 1. HP: 19/19 MP: 0/0
   106 | D:1      | Reached XP level 2. HP: 24/27 MP: 1/1
   167 | D:1      | Reached skill level 4 in Fighting
  1090 | D:2      | Reached XP level 3. HP: 33/33 MP: 2/2
  1132 | D:2      | Identified the +7 spear "Concordance" {elec, rC+}
  2065 | D:3      | Reached XP level 4. HP: 22/41 MP: 3/3
  2154 | D:3      | Found a large runed translucent door.
  2154 | D:3      | Found a large runed translucent door.
  2155 | D:3      | Noticed Flugslaktarn's ghost (amateur MiFi)
  2256 | D:3      | Found a glowing golden altar of the Shining One.
  2262 | D:3      | Found a bloodstained altar of Trog.
  2349 | D:3      | Noticed Robin
  2367 | D:3      | Killed Robin
  2486 | D:3      | Found a sacrificial altar of Ru.
  2613 | D:3      | Reached skill level 5 in Fighting
  2866 | D:3      | Reached XP level 5. HP: 48/48 MP: 4/4
  3211 | D:4      | Noticed a steam dragon
  3221 | D:4      | Gained mutation: You have a pair of large horns on your
                  | head. [potion of mutation]
  3221 | D:4      | Gained mutation: You are somewhat resistant to further
                  | mutation. [potion of mutation]
  3221 | D:4      | Gained mutation: A frigid envelope surrounds you and
                  | freezes all who hurt you. [potion of mutation]
  3222 | D:4      | HP: 1/48 [steam dragon/ball of steam (7)]
  3224 | D:4      | Killed a steam dragon
  3225 | D:4      | Reached XP level 6. HP: 2/57 MP: 5/5
  3582 | D:4      | Found a hazy altar of Hepliaklqana.
  3588 | D:4      | Reached skill level 5 in Axes
  3632 | D:4      | Found a broken altar of Ashenzari.
  3660 | D:4      | Reached skill level 6 in Fighting
  3716 | D:4      | Identified a scroll of acquirement
  3720 | D:4      | Acquired 606 gold pieces
  4443 | D:5      | Entered Level 5 of the Dungeon
  4450 | D:5      | Reached skill level 5 in Armour
  4450 | D:5      | Reached skill level 5 in Shields
  4456 | D:5      | Noticed Dowan
  4460 | D:5      | Reached XP level 7. HP: 62/64 MP: 6/6
  4598 | D:5      | Noticed Duvessa
  4606 | D:5      | Killed Duvessa
  4607 | D:5      | Reached skill level 7 in Fighting
  4688 | D:5      | Found a runed translucent door.
  4688 | D:5      | Noticed a human
  4716 | D:5      | Found Wiorure's Armour Shop.
  4725 | D:5      | Bought a +0 pair of gloves for 49 gold pieces
  5013 | D:5      | Reached XP level 8. HP: 73/73 MP: 7/7
  5145 | D:5      | Killed Dowan
  5174 | D:5      | Found a basalt altar of Yredelemnul.
  5400 | D:5      | Found a staircase to the Ecumenical Temple.
  5748 | Temple   | Entered the Ecumenical Temple
  5792 | Temple   | Became a worshipper of Cheibriados the Contemplative
  6212 | D:6      | Reached skill level 8 in Fighting
  6548 | D:6      | Reached skill level 1 in Dodging
  7260 | D:7      | Reached * piety under Cheibriados
  7268 | D:7      | Reached XP level 9. HP: 48/81 MP: 8/8
  7493 | D:7      | Found a burning altar of Makhleb.
  7584 | D:7      | Found a blossoming altar of Fedhas.
  7617 | D:7      | Noticed Pikel
  7629 | D:7      | Killed Pikel
  7630 | D:7      | Reached skill level 9 in Fighting
  8303 | D:8      | Reached skill level 10 in Axes
  8310 | D:8      | Reached ** piety under Cheibriados
  8561 | D:8      | Noticed a manticore
  8565 | D:8      | Killed a manticore
  8566 | D:8      | Reached XP level 10. HP: 72/93 MP: 9/9
  8595 | D:8      | Reached skill level 10 in Fighting
  8595 | D:8      | Reached skill level 5 in Dodging
  8672 | D:8      | You fall into a shaft and drop 1 floor!
  8719 | D:9      | Reached *** piety under Cheibriados
  8726 | D:9      | Found a flagged portal.
  8758 | Bailey   | Entered a bailey
  8956 | Bailey   | Noticed an orc knight
  8962 | Bailey   | Killed an orc knight
  9376 | D:9      | Found a runed translucent door.
  9377 | D:9      | Noticed an ice dragon
  9378 | D:9      | Noticed a fire dragon
  9379 | D:9      | Noticed an ice dragon
  9380 | D:9      | Noticed a fire dragon
  9381 | D:9      | Found the +2 shield of Resistance {rF++ rC++ Will++}
  9408 | D:9      | Noticed an elephant
  9409 | D:9      | Found a staircase to the Lair.
  9423 | D:9      | Reached **** piety under Cheibriados
  9424 | D:9      | Killed an elephant
  9514 | D:9      | Found a runed translucent door.
  9677 | D:9      | Noticed Maurice
  9681 | D:9      | Killed Maurice
  9766 | D:9      | Reached XP level 11. HP: 93/101 MP: 10/10
  9795 | D:9      | Found an ancient bone altar of Kikubaaqudgha.
  9801 | D:9      | Reached skill level 11 in Fighting
  9835 | D:9      | Noticed Amaemon
  9848 | D:9      | Killed Amaemon
 10100 | D:9      | Reached ***** piety under Cheibriados
 10101 | D:9      | Reached skill level 10 in Armour
 10518 | D:10     | Entered Level 10 of the Dungeon
 10800 | D:10     | Found a staircase to the Orcish Mines.
 11527 | D:10     | Found an iron altar of Okawaru.
 11533 | D:10     | Found a sparkling altar of Nemelex Xobeh.
 12139 | D:8      | Noticed a four-headed hydra
 12139 | D:8      | Found the +8 Wrath of Trog {antimagic, *Rage Rampage}
 12140 | D:8      | Noticed a boulder beetle
 12143 | D:8      | Noticed a boulder beetle
 12144 | D:8      | Noticed a catoblepas
 12145 | D:8      | Killed a five-headed hydra
 12158 | D:8      | Killed a boulder beetle
 12170 | D:8      | Killed a boulder beetle
 12175 | D:8      | Reached skill level 12 in Fighting
 12574 | D:8      | Identified the ring of Thoughtfulness {rPois rN+ rCorr
                  | Str-4 Dex+2}
 12574 | D:8      | Noticed a deep elf pyromancer
 12590 | D:8      | Killed a deep elf pyromancer
 12592 | D:8      | Killed a catoblepas
 12593 | D:8      | Reached XP level 12. HP: 88/112 MP: 11/11
 12954 | D:8      | Acquired the +2 cloak "Neentox" {rN+}
 13191 | D:11     | Noticed a two-headed ogre
 13202 | D:11     | Killed a two-headed ogre
 13471 | D:11     | Noticed Fannar
 13480 | D:11     | Killed Fannar
 13499 | D:11     | Reached skill level 15 in Axes
 13736 | D:11     | Noticed Sonja
 13742 | D:11     | Noticed a two-headed ogre
 13743 | D:11     | Killed Sonja
 13746 | D:11     | Killed a two-headed ogre
 14013 | D:11     | Reached ****** piety under Cheibriados
 15050 | D:12     | Reached skill level 13 in Fighting
 15945 | D:9      | Identified the +11 chain mail of the Armadillo {-Tele rElec
                  | rCorr}
 16005 | D:9      | Killed an ice dragon
 16006 | D:9      | Reached XP level 13. HP: 89/122 MP: 6/12
 16008 | D:9      | Killed a fire dragon
 16010 | D:9      | Killed a fire dragon
 16056 | Lair:1   | Entered Level 1 of the Lair of Beasts
 16134 | Lair:1   | Reached skill level 10 in Dodging
 17448 | D:14     | Reached skill level 14 in Fighting
 17866 | D:14     | Noticed an ironbound preserver
 17892 | D:14     | Found a gate to the Vaults.
 17912 | D:14     | Killed an ironbound preserver
 18656 | D:15     | Entered Level 15 of the Dungeon
 18663 | D:15     | Reached XP level 14. HP: 133/133 MP: 13/13
 19587 | D:15     | Found a staircase to the Depths.
 19808 | Orc:1    | Entered Level 1 of the Orcish Mines
 19816 | Orc:1    | Reached skill level 15 in Fighting
 20163 | Orc:2    | Entered Level 2 of the Orcish Mines
 20297 | Orc:2    | Noticed Saint Roka
 20334 | Orc:2    | Killed Saint Roka
 20671 | Orc:2    | Found Fotsal's Jewellery Shoppe.
 20843 | Orc:2    | Found Guyl's Weapon Shop.
 20866 | Orc:2    | Found a staircase to the Elven Halls.
 20985 | Orc:2    | Found Rute's CLEARANCE SALE!.
 20989 | Orc:2    | Reached skill level 5 in Invocations
 20990 | Orc:2    | Bought a scroll of enchant weapon for 37 gold pieces
 21225 | Orc:2    | Found Lemer's Antique Weapon Shop.
 21227 | Orc:2    | Found Kaupyph's Antique Armour Boutique.
 21936 | Lair:2   | Found a staircase to the Shoals.
 21966 | Shoals:1 | Entered Level 1 of the Shoals
 22039 | Shoals:2 | Reached XP level 15. HP: 118/141 MP: 19/19
 22078 | Shoals:2 | Noticed Frances
 22095 | Shoals:2 | Killed Frances
 22302 | Shoals:3 | Reached skill level 10 in Invocations
 22346 | Shoals:4 | Entered Level 4 of the Shoals
 22422 | Shoals:4 | Noticed a kraken
 22430 | Shoals:4 | Killed a kraken
 22483 | Shoals:4 | Identified the +8 great sword "Jeupruvy" {heavy, rC+ rN++
                  | Int+3}
 22697 | Shoals:4 | Identified the +4 scimitar of the Boar {pain, Will+ Stlth+}
 23480 | Shoals:4 | Identified the +10 arbalest of Gloom {heavy, Dex+3}
 23726 | Shoals:4 | Noticed a frost giant
 23732 | Shoals:4 | Killed a frost giant
 23786 | Shoals:4 | Got a barnacled rune of Zot
 24112 | Lair:2   | Reached XP level 16. HP: 150/150 MP: 24/24
 24128 | Lair:2   | Noticed Gastronok
 24140 | Lair:2   | Killed Gastronok
 24176 | Lair:2   | Identified the +0 leather armour "Juhoenarr" {Rampage
                  | Int+2}
 24256 | Lair:2   | Found a staircase to the Snake Pit.
 24260 | Lair:2   | Reached skill level 15 in Armour
 24270 | Snake:1  | Entered Level 1 of the Snake Pit
 24350 | Snake:1  | Reached skill level 10 in Shields
 24827 | Snake:1  | Identified the +4 shortbow of Ignis's Outrage {freeze,
                  | Int+3}
 24878 | Snake:2  | Reached skill level 16 in Fighting
 24883 | Snake:2  | Noticed Roxanne
 25251 | Snake:4  | Entered Level 4 of the Snake Pit
 25930 | Snake:4  | Reached skill level 17 in Fighting
 25954 | Snake:4  | Got a jade gem with 221 turns to spare
 25956 | Snake:4  | Got a serpentine rune of Zot
 26168 | Snake:4  | Lost the jade gem through the power of Zot.
 26245 | Snake:4  | Found Wusaod Sadipn's Book Shop.
 26537 | Depths:1 | Entered Level 1 of the Depths
 26546 | Depths:1 | Noticed a lich
 26566 | Depths:1 | Killed a lich
 26567 | Depths:1 | Reached XP level 17. HP: 120/161 MP: 25/25
 26700 | Depths:3 | Noticed a tentacled monstrosity
 26827 | Depths:3 | Identified the ring of the Tired Xalams {Ice rCorr}
 26827 | Depths:3 | Noticed Josephina
 26848 | Depths:3 | Killed Josephina
 27160 | Depths:3 | Noticed a sphinx
 27166 | Depths:3 | Killed a sphinx
 27314 | Depths:3 | Noticed a titan
 27326 | Depths:3 | Killed a titan
 27493 | Depths:3 | Noticed a caustic shrike
 27501 | Depths:3 | Killed a caustic shrike
 27502 | Depths:3 | Reached skill level 18 in Fighting
 27536 | Depths:3 | Reached skill level 15 in Dodging
 27619 | Depths:3 | Noticed a lich
 27622 | Depths:3 | Noticed a juggernaut
 27636 | Depths:3 | Killed a juggernaut
 27704 | Depths:3 | Found a one-way gate leading to the halls of Pandemonium.
 27849 | Depths:4 | Entered Level 4 of the Depths
 27849 | Depths:4 | Noticed a lich
 27859 | Depths:4 | Killed a lich
 27982 | Depths:4 | Noticed Mennas
 27982 | Depths:4 | Noticed a quicksilver dragon
 27990 | Depths:4 | Killed a quicksilver dragon
 28009 | Depths:4 | Killed Mennas
 28406 | Depths:4 | Reached XP level 18. HP: 167/174 MP: 26/26
 28714 | Depths:4 | Found a gateway to Hell.
 28721 | Depths:4 | Reached skill level 19 in Fighting
 28753 | Depths:4 | Noticed a golden dragon
 28919 | Depths:4 | Noticed a bone dragon
 28942 | Depths:4 | Killed a bone dragon
 29049 | Depths:4 | Found a runed translucent door.
 29203 | Depths:4 | Found a runed translucent door.
 29215 | Depths:4 | Killed a golden dragon
 29228 | Depths:4 | Noticed Xtahua
 29255 | Depths:4 | Killed Xtahua
 29658 | Depths:4 | Found a runed translucent door.
 29682 | Depths:4 | Found a runed translucent door.
 29682 | Depths:4 | Found a runed translucent door.
 29707 | Depths:4 | Found a gate to the Realm of Zot.
 29753 | Abyss:3  | Cast into level 3 of the Abyss (unwielding a weapon of
                  | distortion)
 29835 | Depths:4 | Escaped the Abyss
 30105 | Depths:4 | Reached skill level 20 in Fighting
 30562 | Depths:4 | Found a runed translucent door.
 31099 | Depths:3 | Identified the ring "Ungeucad" {rF+ EV+5 Dex+4 Slay+2}
 31101 | Depths:3 | Identified the +2 sling of Conjuring Execution {freeze, rN+
                  | Int+4}
 31102 | Depths:3 | Identified the +7 rapier "Utanon" {spect, Int+3}
 31229 | Depths:2 | Found a basalt altar of Yredelemnul.
 31310 | Depths:2 | Found Isoixed's Fire Supplies.
 31643 | Depths:1 | Gained mutation: Your magical capacity is low. (-10% MP) [a
                  | shining eye]
 31679 | Depths:1 | You fall into a shaft and drop 1 floor!
 32136 | Depths:2 | Noticed a juggernaut
 32137 | Depths:2 | Noticed a lich
 32153 | Depths:2 | Killed a lich
 32163 | Depths:2 | Killed a juggernaut
 32164 | Depths:2 | Reached XP level 19. HP: 102/187 MP: 18/24
 32737 | Depths:1 | Noticed the Enchantress
 32757 | Depths:1 | Killed the Enchantress
 33198 | Depths:1 | Found an ornate altar of the Wu Jian Council.
 33252 | Depths:1 | Found a corrupted altar of Lugonu.
 33253 | Depths:1 | Found a one-way gate to the infinite horrors of the Abyss.
 33551 | Depths:1 | Voluntarily entered the Abyss.
 33573 | Depths:1 | Escaped the Abyss
 33575 | Depths:1 | Voluntarily entered the Abyss.
 33621 | Abyss:3  | Reached skill level 21 in Fighting
 33963 | Abyss:3  | Gained mutation: Your magical capacity is very low. (-20%
                  | MP) [a cacodemon]
 33998 | Abyss:3  | Found a corrupted altar of Lugonu.
 34093 | Depths:1 | Escaped the Abyss
 34316 | Depths:1 | Voluntarily entered the Abyss.
 34359 | Abyss:3  | Found a corrupted altar of Lugonu.
 34365 | Abyss:3  | Found a corrupted altar of Lugonu.
 34367 | Abyss:3  | Noticed an ancient lich
 34388 | Abyss:3  | Killed an ancient lich
 34459 | Abyss:3  | Noticed a bone dragon
 34475 | Abyss:3  | Killed a bone dragon
 34485 | Abyss:3  | Found a corrupted altar of Lugonu.
 34652 | Abyss:3  | Found a corrupted altar of Lugonu.
 34722 | Abyss:3  | Found a corrupted altar of Lugonu.
 34781 | Depths:1 | Escaped the Abyss
 34785 | Depths:1 | Voluntarily entered the Abyss.
 35215 | Abyss:3  | Got an abyssal rune of Zot
 35560 | Depths:1 | Escaped the Abyss
 35707 | Zot:1    | Entered Level 1 of the Realm of Zot
 35709 | Zot:1    | Lost mutation: You have a pair of large horns on your head.
                  | [potion of mutation]
 35709 | Zot:1    | Lost mutation: Your magical capacity is very low. (-20% MP)
                  | [potion of mutation]
 35709 | Zot:1    | Gained mutation: You are dopey. (Int -2) [potion of
                  | mutation]
 35710 | Zot:1    | Lost mutation: You are somewhat resistant to further
                  | mutation. [potion of mutation]
 35710 | Zot:1    | Lost mutation: Your magical capacity is low. (-10% MP)
                  | [potion of mutation]
 35710 | Zot:1    | Gained mutation: You are weak. (Str -2) [potion of
                  | mutation]
 35710 | Zot:1    | Gained mutation: You have a somewhat thin skeletal
                  | structure. (Dex +2, Stealth+) [potion of mutation]
 35710 | Zot:1    | Gained mutation: Armour fits poorly on your strangely
                  | shaped body. [potion of mutation]
 35710 | Zot:1    | Gained mutation: You passively dampen the noise of your
                  | surroundings. [potion of mutation]
 35711 | Zot:1    | Lost mutation: You are weak. (Str -2) [potion of mutation]
 35711 | Zot:1    | Lost mutation: A frigid envelope surrounds you and freezes
                  | all who hurt you. [potion of mutation]
 35711 | Zot:1    | Gained mutation: You are weak. (Str -2) [potion of
                  | mutation]
 35712 | Zot:1    | Lost mutation: You have a somewhat thin skeletal structure.
                  | (Dex +2, Stealth+) [potion of mutation]
 35712 | Zot:1    | Lost mutation: You are dopey. (Int -2) [potion of mutation]
 35712 | Zot:1    | Lost mutation: Armour fits poorly on your strangely shaped
                  | body. [potion of mutation]
 35712 | Zot:1    | Gained mutation: You have a pair of large horns on your
                  | head. [potion of mutation]
 35946 | Zot:1    | Reached XP level 20. HP: 121/200 MP: 9/28
 35978 | Zot:1    | Noticed a golden dragon
 36047 | Zot:2    | Reached skill level 22 in Fighting
 36834 | Zot:5    | Entered Level 5 of the Realm of Zot
 36835 | Zot:5    | Noticed a golden dragon
 36860 | Zot:5    | Noticed a golden dragon
 36863 | Zot:5    | Noticed an orb of fire
 36865 | Zot:5    | Noticed a Killer Klown
 36866 | Zot:5    | Noticed an orb of fire
 36867 | Zot:5    | Noticed an orb of fire
 36869 | Zot:5    | Noticed a Killer Klown
 36870 | Zot:5    | Noticed a Killer Klown
 36871 | Zot:5    | Noticed a Killer Klown
 36875 | Zot:5    | Gained mutation: You have hidden genetic defects. [an orb
                  | of fire]
 36879 | Zot:5    | Gained mutation: Your body sometimes deteriorates upon
                  | taking damage. [an orb of fire]
 36880 | Zot:5    | Killed an orb of fire
 36880 | Zot:5    | Killed an orb of fire
 36880 | Zot:5    | Killed an orb of fire
 36880 | Zot:5    | Killed a Killer Klown
 36881 | Zot:5    | Killed a golden dragon
 36882 | Zot:5    | Killed a Killer Klown
 36885 | Zot:5    | Killed a Killer Klown
 36887 | Zot:5    | Killed a Killer Klown
 36905 | Zot:5    | Gained mutation: Armour fits poorly on your strangely
                  | shaped body. [hidden defects]
 37063 | Zot:5    | Noticed an ancient lich
 37072 | Zot:5    | Killed an ancient lich
 37073 | Zot:5    | Reached skill level 23 in Fighting
 37080 | Zot:5    | Noticed an orb of fire
 37081 | Zot:5    | Noticed an orb of fire
 37083 | Zot:5    | Noticed an orb of fire
 37084 | Zot:5    | Gained mutation: You occasionally lose the ability to drink
                  | potions when taking damage. [an orb of fire]
 37084 | Zot:5    | Noticed an orb of fire
 37091 | Zot:5    | Killed an orb of fire
 37091 | Zot:5    | Killed an orb of fire
 37094 | Zot:5    | Gained mutation: Your body often deteriorates upon taking
                  | damage. [an orb of fire]
 37095 | Zot:5    | Gained mutation: You are clumsy. (Dex -2) [an orb of fire]
 37096 | Zot:5    | Killed an orb of fire
 37096 | Zot:5    | Killed an orb of fire
 37097 | Zot:5    | Reached XP level 21. HP: 22/211 MP: 4/29
 37102 | Zot:5    | Gained mutation: You occasionally lose the ability to read
                  | scrolls when taking damage. [hidden defects]
 37102 | Zot:5    | Lost mutation: You have hidden genetic defects. [hidden
                  | defects expressed]
 37274 | Zot:5    | Noticed a Killer Klown
 37287 | Zot:5    | Killed a Killer Klown
 37576 | Zot:5    | Noticed a Killer Klown
 37576 | Zot:5    | Noticed an orb of fire
 37576 | Zot:5    | Noticed an orb of fire
 37576 | Zot:5    | Gained mutation: Your magical capacity is low. (-10% MP)
                  | [an orb of fire]
 37576 | Zot:5    | Noticed an orb of fire
 37577 | Zot:5    | Gained mutation: You sometimes lose the ability to drink
                  | potions when taking damage. [an orb of fire]
 37594 | Zot:5    | Lost mutation: You are clumsy. (Dex -2) [an orb of fire]
 37597 | Zot:5    | Killed an orb of fire
 37606 | Zot:5    | HP: 9/212 [black draconian/+2 heavy long sword[an orange
                  | crystal statue] (30)]
 37608 | Zot:5    | HP: 4/212 [constriction[an orange crystal statue] (6)]
 37608 | Zot:5    | Killed from afar by a red draconian

Illustrated notes

Levels and vault maps discovered:
D:1:      dreamdust_arrival_beginning_and_end, layout_basic,
          minmay_misc_feat_plants
D:2:      layout_basic
D:3:      layout_rooms, general_overflow_altar, mainiacjoe_overflow_chevrons,
          hangedman_ru_absence, ebering_ghost_disaster_area,
          wad_rectangle_vault, uniq_robin
D:4:      layout_basic, nicolae_overflow_hidden_temple,
          mainiacjoe_overflow_surrounded_room
D:5:      layout_basic, dk_yredelemnul_ordeal, temple_green, serial_shops, shop,
          nicolae_fountain_basement, uniq_duvessa
D:6:      layout_basic, minmay_door_square
D:7:      layout_loops_ring, lemuel_tele_altar, kennysheep_mini, uniq_pikel
D:8:      minmay_the_grid_triangle_9x9_recursive_2
          [minmay_the_grid_triangle_9x9_prize_schism,
          minmay_the_grid_triangle_9x9_minimal,
          minmay_the_grid_triangle_9x9_steps,
          minmay_the_grid_triangle_9x9_warning], layout_basic,
          minmay_misc_feat_columns
D:9:      layout_gridville, lemuel_mausoleum_altar_kikubaaqudgha,
          david_lair_generic, enter_bailey_2, minivault_21,
          minmay_guarded_unrand_resistance, uniq_amaemon, uniq_maurice
D:10:     layout_cave_pods, jmf_multi_god_temple2, erik_orc_1
D:11:     lemuel_slime, layout_basic, uniq_sonja, uniq_fannar
D:12:     layout_roguey, serial_demonic, serial_demonic_g, serial_demonic_f,
          serial_demonic_g, serial_demonic_a, nicolae_underground_beach
D:13:     layout_roguey
D:14:     layout_long_grid, skrybe_vaults_entry_preservation,
          minmay_misc_feat_iff
D:15:     grunt_enter_depths_magical_seal, layout_loops_ring
Temple:   grunt_temple_mini_profane
Lair:1:   layout_roguey
Lair:2:   layout_regular_city, minmay_shoals_entry_centaurs,
          nicolae_snake_entry_warm_welcome, infiniplex_staircase_pool_2,
          lemuel_fruit_tree, uniq_gastronok
Shoals:1: layout_shoals, lightli_airlock, uniq_mlioglotl, uniq_jorgrun
Shoals:2: cheibrodos_shoals_roost, layout_shoals, nicolae_shoals_water_shrine,
          uniq_frances
Shoals:3: argonaut_golden_fleece, layout_shoals, uniq_nikola
Shoals:4: shoals_end_grunt_ice, layout_shoals
Snake:1:  layout_layer_cave
Snake:2:  layout_cave_pods, uniq_roxanne, uniq_vashnia, uniq_aizul
Snake:3:  layout_onion_interference, serial_bayou_shore_b, minmay_shop_grove
Snake:4:  minmay_snake_end_coiled, layout_cave_shapes, serial_shops,
          nicolae_shop_real_fake_doors, minmay_shop_star
Orc:1:    layout_caves, mines4_lemuel
Orc:2:    grunt_orc_community_town_hall, layout_diamond_mine,
          grunt_orc_community_big_house_2, grunt_orc_community_big_house_1,
          grunt_orc_community_house_3, grunt_orc_community_house_1,
          grunt_orc_community_house_1, grunt_orc_community_house_2,
          grunt_orc_community_house_2, grunt_orc_community_house_1,
          nicolae_shop_clearance
Depths:1: nicolae_hitomezashi [nicolae_hito_row, nicolae_hito_row,
          nicolae_hito_row, nicolae_hito_row, nicolae_hito_row,
          nicolae_hito_row, nicolae_hito_row, nicolae_hito_row,
          nicolae_hito_row, nicolae_hito_row, nicolae_hito_row,
          nicolae_hito_row, nicolae_hito_row, nicolae_hito_row,
          nicolae_hito_row, nicolae_hito_row, nicolae_hito_row,
          nicolae_hito_row], layout_basic, abyss_entry_flame_altar,
          nzn_wu_jian_contemplation, hell_entry, kennysheep_generic_room_12,
          uniq_enchantress, uniq_saint_roka
Depths:2: wad_statue_garden, layout_small_grid, pan_entry,
          yredelemnul_altar_generic, hell_entry, nicolae_shop_fire_sale
          [nicolae_sub_dead_trees]
Depths:3: minmay_broken_ring, layout_gridville, ziggurat_fallback, abyss_entry,
          pan_entry, minmay_misc_feat_rugged, hell_entry, serial_shops,
          shop_statue, drop_trap, infiniplex_staircase_pool_lava,
          grunt_megastairs_3, uniq_josephina
Depths:4: evilmike_zot_entry_castle, layout_gridlike, hell_entry,
          chequers_serial_rivers_small_b, nicolae_twisting_strands,
          serial_bayou_shore_b, uniq_mennas, uniq_xtahua
Zot:1:    layout_basic, hellmonk_ghost_happy_afterlife
Zot:2:    circus_mu, layout_cathedral_of_symmetry
Zot:3:    gammafunk_sealed_library, layout_twisted_circle
Zot:4:    layout_gridlike, regret_index_zotdec_iron_s
Zot:5:    layout_gridlike

Skill      XL: |  1  2  3  4  5  6  7  8  9 10 11 12 13 14 15 16 17 18 19 20 |
---------------+-------------------------------------------------------------+-----
Fighting       | 4 5 6 7 8 9 10 12 13 14 15 17 18 20 21 23 | 23.5
Axes           | 3 4 5 6 8 10 12 14 16 18 | 18.0
Armour         | 4 5 6 8 9 10 12 13 14 16 18 19 21 22 | 22.9
Shields        | 4 5 6 7 8 9 12 | 12.0
Dodging        | 2 4 6 8 9 11 12 14 15 17 18 20 | 20.5
Invocations    | 7 12 | 12.0

Action                     |  1- 3 |  4- 6 |  7- 9 | 10-12 | 13-15 | 16-18 | 19-21 || total
---------------------------+-------+-------+-------+-------+-------+-------+-------++-------
  Melee: War axe           |   100 |   110 |   158 |   409 |   858 |   990 |   683 ||  3308
         Headbutt          |     9 |     8 |    30 |   114 |   221 |   351 |   269 ||  1002
         Broad axe         |       |       |       |       |       |     3 |    49 ||    52
 Invoke: Slouch            |       |       |       |     1 |     2 |     6 |    15 ||    24
         Bend Time         |       |       |       |       |     1 |       |       ||     1
         Step From Time    |       |       |       |       |       |     2 |       ||     2
  Evoke: Wand              |       |       |       |     5 |       |       |       ||     5
         Lightning rod     |       |       |       |     3 |       |       |       ||     3
         Tin of tremorston |       |       |       |       |     1 |       |       ||     1
    Use: Potion            |       |     6 |     1 |     7 |     6 |     4 |     6 ||    30
         Scroll            |       |     4 |     4 |    10 |     3 |     4 |    11 ||    36
   Stab: Invisible         |       |       |     4 |     4 |     9 |       |       ||    17
         Petrified         |       |       |       |     3 |       |       |     2 ||     5
         Distracted        |       |       |       |       |       |       |     1 ||     1
         Petrifying        |       |       |       |       |       |       |     1 ||     1
 Armour: Scale mail        |    53 |       |       |       |       |       |       ||    53
         Chain mail        |    23 |   103 |    42 |     5 |   327 |   313 |       ||   813
         Plate armour      |       |       |   119 |   331 |       |       |       ||   450
         Storm dragon scal |       |       |       |       |       |    90 |   277 ||   367
  Dodge: Dodged            |    57 |    47 |    61 |   263 |   540 |   705 |   566 ||  2239
  Block: Buckler           |    20 |    21 |    32 |   155 |     6 |       |       ||   234
         Kite shield       |       |       |       |       |   797 |  1186 |   781 ||  2764
         Reflection        |       |       |       |       |    22 |   116 |    14 ||   152

Table legend: (Time is in decaauts)
 A = Elapsed time spent in this place.
 B = Non-inter-level travel time spent in this place.
 C = Inter-level travel time spent in this place.
 D = Time resting spent in this place.
 E = Time spent auto-exploring this place.
 F = Levels seen in this place.
 G = Mean time per level.
                   A        B        C        D        E       F      G
               +--------+--------+--------+--------+--------+-----+--------+
         Total |  52811 |  48880 |   3931 |   5576 |  35251 |  43 | 1228.2 |
       Dungeon |  26103 |  24193 |   1910 |   1433 |  20015 |  15 | 1740.2 |
        Temple |     93 |      3 |     90 |      0 |      0 |   1 |   93.0 |
          Lair |   1654 |   1448 |    206 |      0 |   1156 |   2 |  827.0 |
        Shoals |   2913 |   2742 |    171 |    368 |   1718 |   4 |  728.2 |
     Snake Pit |   2771 |   2406 |    365 |    992 |    726 |   4 |  692.8 |
  Orcish Mines |   3073 |   2923 |    150 |    260 |   2221 |   2 | 1536.5 |
        Depths |  10878 |   9875 |   1003 |   1599 |   6613 |   4 | 2719.5 |
           Zot |   2285 |   2251 |     34 |    559 |   1213 |   5 |  457.0 |
         Abyss |   2312 |   2312 |      0 |    364 |    980 |   5 |  462.4 |
        Bailey |    726 |    726 |      0 |      0 |    605 |   1 |  726.0 |
               +--------+--------+--------+--------+--------+-----+--------+

Top non-repeatable levels by time:
Depths:4: 4207 daAuts
    D:10: 2703 daAuts
    D:11: 2612 daAuts
     D:9: 2406 daAuts
Depths:2: 2358 daAuts
Shoals:4: 2333 daAuts
Depths:3: 2329 daAuts
 Abyss:3: 2312 daAuts
    D:14: 2243 daAuts
   Orc:2: 2161 daAuts
    D:12: 2104 daAuts
Depths:1: 1984 daAuts
     D:7: 1812 daAuts
    D:15: 1731 daAuts
     D:6: 1670 daAuts
